 Dungeon Crawl Stone Soup version bcrawl-1.27.8b (webtiles) character file.

Game seed: 14595838914944847510

241297 LostNumber the Sneak (level 6, -2/36 HPs)
             Began as a Vine Stalker Archaeologist on Nov 11, 2020.
             Slain by a sky beast (5 damage)
             ... on level 5 of the Dungeon.
             The game lasted 00:04:43 (1860 turns).

LostNumber the Sneak (Vine Stalker Archaeologist)   Turns: 1860, Time: 00:04:44

Health: -2/36      AC:  6    Str: 16    XL:     6   Next: 34%
Magic:  7/7        EV: 13    Int: 14    God:
Gold:   121        SH:  0    Dex: 12    Spells: 5/5 levels left

rFire    . . .     SeeInvis .   h - +2 dagger (vamp) {!w}
rCold    . . .     Gourm    .   (no shield)
rNeg     . . .     Faith    .   b - +1 robe
rPois    .         Spirit   .   c - +1 hat
rElec    .         Reflect  .   (no cloak)
rCorr    .         Harm     .   (no gloves)
MR       .....                  d - +1 pair of boots
Stlth    +++.......             (no amulet)
HPRegen  0.52/turn              (no ring)
MPRegen  0.10/turn              (no ring)

@: no status effects
A: fangs 3, regeneration 1, no potion heal 3, rot immunity, strong jaws
a: no special abilities


You were on level 5 of the Dungeon.
You were hungry.

You visited 1 branch of the dungeon, and saw 5 of its levels.

You collected 121 gold pieces.

Inventory:

Hand Weapons
 a - a +0 whip
 f - a +1 rapier of draining
   (You acquired it on level 2 of the Dungeon)
 h - a +2 vampiric dagger (weapon) {!w}
   (You found it on level 1 of the Dungeon)
 r - a +2 whip of venom
   (You took it off a gnoll on level 2 of the Dungeon)
Armour
 b - a +1 robe (worn)
 c - a +1 hat (worn)
 d - a +1 pair of boots (worn)
Jewellery
 o - a +2 ring of evasion {unknown}
   (You found it on level 2 of the Dungeon)
Scrolls
 g - a scroll of magic mapping
 p - 2 scrolls of teleportation {unknown}
 q - 3 scrolls of identify {@r1}
 s - 2 scrolls of remove curse {unknown}
 t - a scroll of blinking {unknown}
Potions
 j - a potion of invisibility {unknown}
 k - 2 potions of ambrosia {unknown}
 l - a potion of haste {unknown}
 m - a potion of agility {unknown}
 n - a potion of lignification {unknown}
Comestibles
 e - 5 rations {!d!d}


   Skills:
 + Level 2.5 Fighting
 * Level 3.2 Short Blades
 - Level 0.8 Maces & Flails
 + Level 4.0 Dodging
 + Level 6.0 Stealth


You had 5 spell levels left.
You didn't know any spells.
Your spell library was empty.

Dungeon Overview and Level Annotations

Branches:
Dungeon (5/12)
 Temple: D:4-7

Altars:

Shops:
D:4 ?


Innate Abilities, Weirdness & Mutations

You have razor-sharp teeth.
Your natural rate of healing is unusually fast.
Potions cannot restore your health.
You are immune to rotting.
Your bites deal extra damage.


Message History

You are too injured to fight recklessly!
Unknown command.
You are too injured to fight recklessly!
You are too injured to fight recklessly!
You hit something.
You feel better. Something hits you but does no damage.
You closely miss something. Something completely misses you.
Unknown command.
You hit something.
You feel better.
Unknown command.
You miss something. Something hits you but does no damage.
You hit something.
You feel better. Something hits you. Something shocks you.
* * * LOW HITPOINT WARNING * * *
You miss something. Something hits you.
* * * LOW HITPOINT WARNING * * *
Something shocks you.
* * * LOW HITPOINT WARNING * * *
You barely miss something. Something hits you but does no damage.
You miss something.
Unknown command.
You miss something. Something hits you but does no damage.
You closely miss something. Something hits you but does no damage.
You hit something. Something hits you but does no damage.
You miss something. Something hits you but does no damage.
You miss something. Something hits you.
* * * LOW HITPOINT WARNING * * *
Something shocks you.
* * * LOW HITPOINT WARNING * * *
You hit something.
Unknown command.
You miss something. Something hits you but does no damage.
You closely miss something. Something completely misses you.
You closely miss something. Something hits you but does no damage.
You closely miss something. Something hits you.
* * * LOW HITPOINT WARNING * * *
Something shocks you.
You die...

.### #. (..#...
.. ...#.. #.
..... #.# ...#
#. ...
######.###{###
#.<......@...#.
#.....#..#.#.#.
#.............8.
#........##..#Y.
#####.....#..#
#.....#..###.#
#...#.#.......
###.....>......#
#...............


There were no monsters in sight!

Vanquished Creatures
  An ogre (D:3)
  A crimson imp (D:3)
  Terence (D:2)
  An iguana (D:4)
  4 gnolls (D:2)
  3 adders
  2 worms (D:2)
  2 dart slugs (D:1)
  4 leopard geckos
  An orc (D:2)
  A giant cockroach (D:2)
  9 goblins
  3 hobgoblins
  6 bats
  4 frilled lizards
  7 kobolds
  5 rats
55 creatures vanquished.

Notes
Turn   | Place    | Note
-------+----------+-------------------------------------------
     0 | D:1      | LostNumber the Vine Stalker Archaeologist began the quest
                  | for the Orb.
     0 | D:1      | Reached XP level 1. HP: 11/11 MP: 2/2
    19 | D:1      | Reached skill level 1 in Fighting
    72 | D:1      | Reached XP level 2. HP: 16/16 MP: 3/3
   356 | D:1      | Reached skill level 1 in Short Blades
   569 | D:2      | Reached XP level 3. HP: 16/20 MP: 4/4
   604 | D:2      | Noticed Terence
   684 | D:2      | Killed Terence
   684 | D:2      | Reached skill level 5 in Stealth
   729 | D:2      | Reached XP level 4. HP: 25/25 MP: 5/5
  1125 | D:2      | Reached XP level 5. HP: 30/30 MP: 6/6
  1125 | D:2      | Identified a scroll of acquirement
  1393 | D:3      | Noticed an ogre
  1401 | D:3      | Killed an ogre
  1401 | D:3      | Gained mutation: You have razor-sharp teeth. [Vine Stalker
                  | growth]
  1401 | D:3      | Reached XP level 6. HP: 25/36 MP: 7/7
  1715 | D:4      | Found Ulixant's Magic Scroll Shoppe.
  1733 | D:4      | Reached skill level 6 in Stealth
  1778 | D:5      | Entered Level 5 of the Dungeon
  1833 | D:5      | Noticed a sky beast
  1835 | D:5      | Noticed a sky beast
  1860 | D:5      | Slain by a sky beast

Skill      XL: |  1  2  3  4  5  6 |
---------------+-------------------+-----
Fighting       | 1 2 |  2.5
Short Blades   | 1 2 3 |  3.2
Stealth        | 5 6 |  6.0
Dodging        | 4 |  4.0
Maces & Flails | |  0.8

Action                   |  1- 3 |  4- 6 || total
-------------------------+-------+-------++-------
Melee: Whip              |     6 |       ||     6
       Dagger            |   128 |   177 ||   305
       Bite              |    12 |    20 ||    32
  Use: Scroll            |       |     1 ||     1
 Stab: Sleeping          |     6 |     6 ||    12
       Distracted        |       |     1 ||     1
  Eat: Ration            |     1 |       ||     1
       Chunk             |     3 |     7 ||    10
Armor: Robe              |    30 |    33 ||    63
Dodge: Dodged            |    70 |    70 ||   140
